 Dungeon Crawl Stone Soup version 0.28.0-45-g0d030f2227 (webtiles) character file.

Game seed: 12614446087178183261

2093 pkoi the Grappler (level 8, -6/69 HPs)
             Began as a Demigod Gladiator on Apr 18, 2022.
             Killed from afar by Maggie (23 damage)
             ... with a bolt of fire
             ... on level 6 of the Dungeon.
             The game lasted 00:09:28 (6922 turns).

pkoi the Grappler (Demigod Gladiator)               Turns: 6922, Time: 00:09:29

Health: -6/69      AC: 10    Str: 19    XL:     8   Next: 79%
Magic:  14/14      EV: 12    Int: 14    God:
Gold:   303        SH:  0    Dex: 21    Spells: 9/11 levels left

rFire   . . .      SeeInvis .     - Unarmed
rCold   . . .      Faith    .   (no shield)
rNeg    . . .      Spirit   .   m - +0 chain mail
rPois   .          Reflect  .   b - +1 helmet
rElec   .          Harm     .   (no cloak)
rCorr   .          Rampage  .   (no gloves)
Will    .....                   (no boots)
Stlth   ..........              l - amulet of regeneration
HPRegen 1.01/turn               q - +6 ring of dexterity
MPRegen 0.14/turn               r - +4 ring of evasion

@: mesmerised, studying Staves
A: high MP 1, forlorn, divine attributes
a: no special abilities


You were on level 6 of the Dungeon.
You visited 1 branch of the dungeon, and saw 6 of its levels.
You also visited: Ossuary.

You collected 303 gold pieces.

Inventory:

Hand Weapons
 g - a +0 dagger
 k - a +0 rapier
 n - a +0 rapier
Missiles
 c - 3 throwing nets (quivered)
 f - 9 javelins
Armour
 a - a +0 leather armour
 b - a +1 helmet (worn)
 e - a +0 ring mail
 m - a +0 chain mail (worn)
Jewellery
 l - an amulet of regeneration (around neck)
 q - a +6 ring of dexterity (left hand)
 r - a +4 ring of evasion (right hand)
Wands
 s - a wand of iceblast (10)
Scrolls
 h - a scroll of amnesia
 o - a scroll of holy word
 p - 2 scrolls of identify
Potions
 d - 6 potions of curing
 j - 4 potions of haste


   Skills:
 - Level 5.5 Fighting
 - Level 1.7 Throwing
 - Level 2.6 Dodging
 * Level 8.9 Unarmed Combat
 + Level 2.0 Spellcasting
 + Level 2.2 Air Magic
 + Level 2.2 Poison Magic


You had 9 spell levels left.
You knew the following spells:

 Your Spells              Type           Power      Damage    Failure   Level
a - Poisonous Vapours     Pois/Air       14%        N/A       89%         2

Your spell library contained the following spells:

 Spells                   Type           Power      Damage    Failure   Level
 Corpse Rot               Necr/Air       8%         N/A       97%         2


Dungeon Overview and Level Annotations

Branches:
Dungeon (6/15)            Ossuary (visited)
 Temple: D:4-7

Annotations:
D:6 Maggie


Innate Abilities, Weirdness & Mutations

You have an increased reservoir of magic. (+10% MP)
You shall have no god before yourself.
Your divine heritage dramatically boosts your attributes as you level up.


Message History

Maggie zaps a wand.
The puff of flame misses you.
You barely miss Maggie.
Maggie is moderately wounded.
Maggie hits you but does no damage.
You hit Maggie.
Maggie is moderately wounded.
Maggie zaps a wand.
The puff of flame hits you.
* * * LOW HITPOINT WARNING * * *
You punch Maggie!
Maggie is severely wounded.
Maggie hits you with a +2 scimitar of flaming.
* * * LOW HITPOINT WARNING * * *
Maggie burns you.
* * * LOW HITPOINT WARNING * * *
You hit Maggie.
Maggie is severely wounded.
A hound comes into view.
The hound barks!
You hit Maggie but do no damage.
Maggie is severely wounded.
Maggie gestures wildly while chanting.
Maggie draws you further into her thrall.
You hit Maggie but do no damage.
Maggie is severely wounded.
Maggie hits you but does no damage.
You completely miss Maggie.
Maggie is severely wounded.
Maggie zaps a wand.
The puff of flame hits you!
* * * LOW HITPOINT WARNING * * *
You hit Maggie.
Maggie is severely wounded.
Maggie hits you with a +2 scimitar of flaming!
* * * LOW HITPOINT WARNING * * *
Maggie burns you.
* * * LOW HITPOINT WARNING * * *
You barely miss Maggie.
Maggie is severely wounded.
Maggie gestures at you while chanting. The bolt of fire hits you!!
You die...

....# ...## l... .... #
5.. ...## #. ..##..##.K
####.. .....# .##
#..>.. #....# #?# ...#.
#.h.# #?##+##.... #@#
#...'.... #@##
#..8#.... ##..#
#!##'##.... #...##
#[#8)#...#. ###..#
.###..#...#. #...##..
..###.... #..##.######
#.[## ..... ##.....#
##..## ....$.
#.....###...)<
.......####....##......


You could see Maggie (mesmerising) and a hound.

Vanquished Creatures
  Pikel (D:6)
  A water moccasin (D:5)
  An ice beast (D:4)
  A necrophage (D:5)
  2 centaurs (D:4)
  A lemure (D:6)
  2 phantoms
  A scorpion (D:5)
  A howler monkey (D:5)
  A centaur zombie (D:5)
  3 jellies (D:5)
  4 hounds
  2 centaur skeletons
  2 human zombies (Ossuary)
  3 orc priests (D:5)
  3 iguanas
  Jessica (D:2)
  Ijyb (D:3)
  Terence (D:3)
  An orc wizard (D:5)
  2 hound zombies (Ossuary)
  2 hound skeletons
  4 mummies (Ossuary)
  7 gnolls
  4 adders
  A howler monkey skeleton (D:5)
  A shadow imp (D:6)
  An adder skeleton (D:2)
  2 worms
  The ghost of dornbeast the Sneak, a weakling DsDe (D:4)
  A dart slug (D:3)
  11 orcs
  10 ball pythons
  4 bats
  3 endoplasms
  2 giant cockroaches (D:1)
  5 goblins
  4 hobgoblins
  13 jackals
  3 quokkas
  2 frilled lizards (D:1)
  A goblin zombie (Ossuary)
  2 hobgoblin zombies (Ossuary)
  A jackal zombie (Ossuary)
  7 kobolds
  2 kobold zombies (Ossuary)
  4 rats
  2 rat zombies (Ossuary)
135 creatures vanquished.

Notes
Turn   | Place    | Note
-------+----------+-------------------------------------------
     0 | D:1      | pkoi the Demigod Gladiator began the quest for the Orb.
     0 | D:1      | Reached XP level 1. HP: 17/17 MP: 3/3
   169 | D:1      | Reached skill level 3 in Unarmed Combat
   382 | D:1      | Reached XP level 2. HP: 4/24 MP: 4/4
  1769 | D:2      | Reached XP level 3. HP: 27/30 MP: 5/5
  2047 | D:2      | You fall into a shaft and drop 2 floors!
  2278 | D:4      | Reached skill level 4 in Unarmed Combat
  2409 | D:4      | Reached XP level 4. HP: 6/37 MP: 6/6
  3031 | D:3      | Noticed Ijyb
  3251 | D:2      | Noticed Jessica
  3261 | D:2      | Killed Jessica
  3405 | D:3      | Reached XP level 5. HP: 43/45 MP: 7/7
  3653 | D:3      | Killed Ijyb
  3654 | D:3      | Reached skill level 5 in Unarmed Combat
  3697 | D:3      | Noticed Terence
  3714 | D:3      | Killed Terence
  4517 | D:4      | Noticed a centaur
  4518 | D:4      | Noticed a centaur
  4530 | D:4      | Killed a centaur
  4531 | D:4      | Reached XP level 6. HP: 32/52 MP: 8/8
  4598 | D:4      | Reached skill level 6 in Unarmed Combat
  4735 | D:4      | Found a runed translucent door.
  5042 | D:4      | Noticed dornbeast's ghost (weakling DsDe)
  5049 | D:4      | Killed dornbeast's ghost
  5076 | D:5      | Entered Level 5 of the Dungeon
  5146 | D:4      | Reached XP level 7. HP: 24/60 MP: 9/9
  5590 | D:5      | Reached skill level 7 in Unarmed Combat
  5610 | D:5      | Found a sand-covered staircase.
  5614 | Ossuary  | Entered an ossuary
  5670 | Ossuary  | Reached skill level 5 in Fighting
  6002 | D:5      | Reached XP level 8. HP: 69/69 MP: 10/10
  6008 | D:5      | Reached skill level 8 in Unarmed Combat
  6013 | D:5      | Learned a level 2 spell: Poisonous Vapours
  6192 | D:5      | Reached skill level 1 in Air Magic
  6192 | D:5      | Reached skill level 1 in Poison Magic
  6198 | D:5      | Reached skill level 1 in Spellcasting
  6868 | D:6      | Noticed Pikel
  6880 | D:6      | Noticed Maggie
  6896 | D:6      | Killed Pikel
  6922 | D:6      | Killed from afar by Maggie

Illustrated notes

Levels and vault maps discovered:
D:1:      minmay_arrival_floating_metal, layout_loops_ring, minivault_19,
          hangedman_decor_push
D:2:      layout_basic, nicolae_ecumenical_pavilion, uniq_jessica
D:3:      layout_basic, uniq_ijyb, uniq_terence
D:4:      layout_cave_pods, ebering_ghost_reflecting_pool, corexii_shack,
          minmay_manual_mares
D:5:      layout_basic, minitemple, nicolae_ossuary_entry_plus,
          hangedman_decor_growths, minmay_increasing_density
D:6:      minmay_chambers_of_sixes, layout_cave_pools,
          gammafunk_temple_overflow_forgotten, serial_bayou_pond_d,
          lightli_church_of_beogh, uniq_pikel, uniq_maggie

Skill      XL: |  1  2  3  4  5  6  7  8 |
---------------+-------------------------+-----
Unarmed Combat | 3 4 5 6 7 8 |  8.9
Fighting       | 2 3 4 5 |  5.5
Air Magic      | 2 |  2.2
Poison Magic   | 2 |  2.2
Spellcasting   | 2 |  2.0
Throwing       | |  1.7
Dodging        | |  2.6

Action                   |  1- 3 |  4- 6 |  7- 9 || total
-------------------------+-------+-------+-------++-------
Melee: Unarmed           |   142 |   243 |   285 ||   670
       Punch             |     3 |     9 |     7 ||    19
Throw: Throwing net      |     1 |       |       ||     1
  Use: Scroll            |     4 |     4 |     4 ||    12
       Potion            |       |     1 |     2 ||     3
Armor: Leather armour    |     7 |       |       ||     7
       Ring mail         |    32 |    32 |       ||    64
       Chain mail        |       |    79 |   104 ||   183
       Skin              |       |    26 |       ||    26
Dodge: Dodged            |    74 |   131 |   132 ||   337
